 Dungeon Crawl Stone Soup version 0.20-a0-680-g5c496f5 (webtiles) character file.

104 Chiseanne the Ducker (level 4, 0/23 HPs)
             Began as a Spriggan Gladiator on Feb 18, 2017.
             Succumbed to a water moccasin's poison
             ... on level 3 of the Dungeon.
             The game lasted 00:05:10 (2266 turns).

Chiseanne the Ducker (Spriggan Gladiator)           Turns: 2266, Time: 00:05:11

Health: 0/23       AC:  4    Str: 18    XL:     4   Next: 52%
Magic:  5/5        EV: 23    Int:  9    God:
Gold:   190        SH:  0    Dex: 18    Spells: 3/3 levels left

rFire    . . .     SeeInvis +   a - +0 long sword
rCold    . . .     Gourm    .   b - +1 robe
rNeg     . . .     Faith    .   (shield restricted)
rPois    .         Spirit   .   c - +1 hat
rElec    .         Reflect  .   (no cloak)
rCorr    .         Harm     .   (gloves unavailable)
MR       .....                  (boots unavailable)
Stlth    ++........             (no amulet)
Regen    0.1/turn               n - +3 ring of strength
MPRegen  0.1/turn               o - +5 ring of strength

@: lethally poisoned (0 -> -34), very quick
A: unfitting armour, see invisible, herbivore 3, speed 3, slow metabolism 2
a: no special abilities


You were on level 3 of the Dungeon.
You were not hungry.

You visited 1 branch of the dungeon, and saw 3 of its levels.

You collected 190 gold pieces.

Inventory:

Hand Weapons
 a - a +0 long sword (weapon)
Missiles
 d - 3 throwing nets (quivered)
 g - 56 stones
 i - 37 sling bullets
 j - 23 arrows
 k - 38 bolts
Armour
 b - a +1 robe (worn)
 c - a +1 hat (worn)
Jewellery
 n - a +3 ring of strength (right hand)
 o - a +5 ring of strength (left hand)
 r - an uncursed ring of protection from cold
Scrolls
 h - 2 scrolls of remove curse
 s - a scroll of teleportation
 t - a scroll of identify
Potions
 e - a potion of lignification {unknown}
 l - 2 potions of curing {unknown}
 q - a potion of might {unknown}
 u - a potion of magic {unknown}
Comestibles
 f - 6 bread rations
 m - 4 fruits
 p - 2 royal jellies


   Skills:
 + Level 2.6 Fighting
 - Level 2.4 Long Blades
 - Level 2.0 Throwing
 * Level 6.8 Dodging


You had 3 spell levels left.
You didn't know any spells.

Dungeon Overview and Level Annotations

Branches:
Dungeon (3/15)

Altars:
Elyvilon
Kikubaaqudgha
Okawaru
Qazlal


Innate Abilities, Weirdness & Mutations

You are very small and have problems with some larger weapons.
You are too small for most types of armour.
You have supernaturally acute eyesight. (SInv)
You are a herbivore.
You cover ground extremely quickly.
You need consume almost no food.


Message History

You feel sick. The water moccasin misses you.
You miss the water moccasin.
You feel sick. The water moccasin bites you.
You are more poisoned.
The water moccasin poisons you!
The water moccasin completely misses you.
You closely miss the water moccasin.
You feel sick. The water moccasin bites you.
* * * LOW HITPOINT WARNING * * *
You are more poisoned.
The water moccasin poisons you! The water moccasin closely misses you.
You riposte.
You slash the water moccasin!
The water moccasin is moderately wounded.
You barely miss the water moccasin.
The water moccasin is moderately wounded.
* * * LOW HITPOINT WARNING * * *
You feel very sick. The water moccasin closely misses you.
The water moccasin misses you.
You hit the water moccasin.
The water moccasin is severely wounded.
You die...

###############
###.............#
#...####..<###..# ..###
#...#..)## . ###
#.)<..### ...
######...########.....
###..[.#...###..@S......
.<.............####..>..
.......#...##### ...
#......#....... %
##.....#...###.
##....##..###
#....#.....#
#......###.# ##
######..## #.# ..#


You could see a water moccasin.

Vanquished Creatures
  2 adders
  An ooze (D:1)
  4 worms
  A dart slug (D:1)
  A leopard gecko (D:3)
  3 orcs (D:3)
  A giant cockroach (D:2)
  5 goblins
  7 hobgoblins
  9 kobolds
  2 quokkas
  7 bats
  5 frilled lizards
  17 rats
65 creatures vanquished.

Notes
Turn   | Place    | Note
-------+----------+-------------------------------------------
     0 | D:1      | Chiseanne the Spriggan Gladiator began the quest for the Orb.
     0 | D:1      | Reached XP level 1. HP: 10/10 MP: 2/2
    56 | D:1      | Reached skill level 5 in Dodging
    59 | D:1      | Reached XP level 2. HP: 13/15 MP: 3/3
   695 | D:1      | Reached XP level 3. HP: 16/18 MP: 4/4
  1188 | D:2      | Reached skill level 6 in Dodging
  1390 | D:2      | Found an iron altar of Okawaru.
  1391 | D:2      | Found an ancient bone altar of Kikubaaqudgha.
  1738 | D:2      | Reached XP level 4. HP: 18/23 MP: 5/5
  1931 | D:3      | Found a stormy altar of Qazlal.
  2130 | D:3      | Found a white marble altar of Elyvilon.
  2255 | D:3      | Noticed a water moccasin
  2266 | D:3      | Succumbed to a water moccasin's poison

Vault maps used:
D:1:      saegor_arrival_under_anarchy, minmay_pentomino_s4
D:2:      minitemple
D:3:      old_standard_altar, lemuel_doored_altar, first_bread

Skill      XL: |  1  2  3 |
---------------+----------+-----
Dodging        | 5 6 |  6.8
Fighting       | 2 |  2.6
Long Blades    | |  2.4
Throwing       | |  2.0

Action                   |  1- 3 |  4- 6 || total
-------------------------+-------+-------++-------
Melee: Long sword        |   111 |    47 ||   158
  Use: Scroll            |     4 |     3 ||     7
 Stab: Sleeping          |     2 |     3 ||     5
Armor: Robe              |    12 |       ||    12
Dodge: Dodged            |   140 |    43 ||   183
       Rpst.: Long sword |    49 |    17 ||    66
